[ AOE2 MATCH · #495160145 ]
UnrankedHuns vs Gurjaras
[ REPLAY ANALYSIS · EXTRACTED FROM THE RECORDED GAME ]
Feudal
12:58
Castle
23:45
Imperial
—
| APM avg | 47.7 |
| APM peak | 161 |
| eAPM avg | 21.6 |
| Villagers / military | 97 / 64 |
Focus
⚔️ 27.0% · 🌾 73.0%
Cavalry Archer ×23 · Skirmisher ×13 · Spearman ×9 · Scorpion ×8 · Scout Cavalry ×7 · Knight ×4
Feudal
11:15
Castle
23:24
Imperial
—
| APM avg | 36.7 |
| APM peak | 72 |
| eAPM avg | 17.2 |
| Villagers / military | 101 / 87 |
Focus
⚔️ 37.5% · 🌾 62.5%
Scout Cavalry ×23 · Spearman ×22 · Knight ×21 · Magyar Huszar ×16 · Battering Ram ×5
Feudal
12:19
Castle
27:45
Imperial
—
| APM avg | 51.5 |
| APM peak | 97 |
| eAPM avg | 23.5 |
| Villagers / military | 119 / 79 |
Focus
⚔️ 22.8% · 🌾 77.2%
Camel Scout ×58 · Spearman ×11 · Scout Cavalry ×7 · Armored Elephant ×3
Feudal
12:20
Castle
19:44
Imperial
40:30
| APM avg | 53.0 |
| APM peak | 81 |
| eAPM avg | 22.2 |
| Villagers / military | 160 / 124 |
Focus
⚔️ 35.9% · 🌾 64.1%
Cavalry Archer ×112 · Samurai ×5 · Spearman ×4 · Scorpion ×3
Match map
Initial resources + every placement click. Lines = walls · curves = elevation contours. ◆ gold · ⬟ stone · ● berries · ✦ relic · ◌ wall gap
Your base· Open — unwalled flank
LMG_Leonardo's base· Open — 7t gap
eljotad8's base· Open — unwalled flank
Bostero SSJ's base· Open — unwalled flank
Smoothed initial terrain · ◌ = detected wall gap · hover for details
Inputs per minute
— LMG_HERA DE TEMU - - LMG_Leonardo
Build order — LMG_HERA DE TEMU
First 150 of 220 actions detected
| 0:55 | Build | Town Center |
| 2:50 | Create | Villager (Male) |
| 2:51 | Create | Villager (Male) |
| 2:51 | Create | Villager (Male) |
| 2:52 | Create | Villager (Male) |
| 2:52 | Create | Villager (Male) |
| 2:52 | Create | Villager (Male) |
| 2:52 | Create | Villager (Male) |
| 3:28 | Research | Loom |
| 3:28 | Create | Villager (Male) |
| 3:28 | Create | Villager (Male) |
| 3:28 | Create | Villager (Male) |
| 3:29 | Create | Villager (Male) |
| 3:58 | Create | Villager (Male) |
| 3:58 | Create | Villager (Male) |
| 3:59 | Create | Villager (Male) |
| 4:48 | Create | Villager (Male) |
| 4:48 | Create | Villager (Male) |
| 4:48 | Create | Villager (Male) |
| 5:09 | Create | Villager (Male) |
| 5:10 | Create | Villager (Male) |
| 5:10 | Create | Villager (Male) |
| 5:42 | Build | Lumber Camp |
| 5:46 | Create | Villager (Male) |
| 5:46 | Create | Villager (Male) |
| 5:46 | Create | Villager (Male) |
| 6:31 | Create | Villager (Male) |
| 6:31 | Create | Villager (Male) |
| 6:56 | Create | Villager (Male) |
| 6:56 | Create | Villager (Male) |
| 7:49 | Create | Villager (Male) |
| 8:43 | Create | Villager (Male) |
| 8:43 | Create | Villager (Male) |
| 8:43 | Create | Villager (Male) |
| 8:49 | Build | Mill |
| 8:56 | Create | Villager (Male) |
| 8:57 | Create | Villager (Male) |
| 10:24 | Research | Feudal Age |
| 10:57 | Build | Barracks |
| 12:05 | Create | Villager (Male) |
| 12:06 | Create | Villager (Male) |
| 12:58 | Age | Feudal Age |
| 13:02 | Build | Stable |
| 13:07 | Research | Double-Bit Axe |
| 13:11 | Build | Palisade Wall |
| 13:13 | Build | Palisade Gate |
| 13:19 | Build | Palisade Wall |
| 13:35 | Create | Spearman |
| 13:41 | Create | Villager (Male) |
| 13:41 | Create | Villager (Male) |
| 13:58 | Build | Mill |
| 14:01 | Create | Villager (Male) |
| 14:01 | Create | Villager (Male) |
| 14:02 | Create | Scout Cavalry |
| 14:02 | Create | Scout Cavalry |
| 14:03 | Create | Scout Cavalry |
| 14:03 | Create | Scout Cavalry |
| 14:09 | Create | Spearman |
| 14:33 | Create | Scout Cavalry |
| 14:38 | Create | Villager (Male) |
| 14:38 | Create | Villager (Male) |
| 14:51 | Build | Blacksmith |
| 15:43 | Create | Spearman |
| 15:43 | Create | Spearman |
| 16:25 | Create | Scout Cavalry |
| 16:26 | Create | Scout Cavalry |
| 16:27 | Create | Villager (Male) |
| 16:28 | Create | Villager (Male) |
| 16:28 | Create | Villager (Male) |
| 16:29 | Build | Farm |
| 16:30 | Build | Farm |
| 16:30 | Build | Farm |
| 16:30 | Build | Farm |
| 16:30 | Build | Farm |
| 16:30 | Build | Farm |
| 16:31 | Build | Farm |
| 16:58 | Build | Mining Camp |
| 17:48 | Create | Villager (Male) |
| 17:48 | Create | Villager (Male) |
| 17:48 | Create | Villager (Male) |
| 17:49 | Create | Villager (Male) |
| 17:50 | Create | Villager (Male) |
| 18:19 | Create | Spearman |
| 18:19 | Create | Spearman |
| 18:19 | Create | Spearman |
| 18:52 | Create | Spearman |
| 18:52 | Create | Spearman |
| 19:29 | Build | Mill |
| 19:41 | Build | Farm |
| 20:06 | Create | Villager (Male) |
| 20:07 | Create | Villager (Male) |
| 20:52 | Build | Archery Range |
| 20:53 | Build | Archery Range |
| 21:05 | Research | Castle Age |
| 21:06 | Research | Castle Age |
| 21:50 | Build | Archery Range |
| 21:55 | Research | Bloodlines |
| 22:21 | Create | Skirmisher |
| 22:21 | Create | Skirmisher |
| 22:23 | Create | Skirmisher |
| 22:23 | Create | Skirmisher |
| 22:27 | Build | Watch Tower |
| 23:04 | Research | Padded Archer Armor |
| 23:37 | Create | Skirmisher |
| 23:38 | Create | Skirmisher |
| 23:39 | Research | Fletching |
| 23:45 | Age | Castle Age |
| 24:13 | Research | Elite Skirmisher (upgrade) |
| 24:25 | Create | Cavalry Archer |
| 24:25 | Create | Cavalry Archer |
| 24:25 | Create | Cavalry Archer |
| 25:01 | Create | Villager (Male) |
| 25:01 | Create | Villager (Male) |
| 25:01 | Create | Villager (Male) |
| 25:39 | Create | Cavalry Archer |
| 25:39 | Create | Cavalry Archer |
| 25:39 | Create | Cavalry Archer |
| 25:40 | Create | Cavalry Archer |
| 25:40 | Create | Cavalry Archer |
| 25:44 | Create | Knight |
| 25:44 | Create | Knight |
| 25:44 | Create | Knight |
| 26:38 | Create | Villager (Male) |
| 26:38 | Create | Villager (Male) |
| 26:39 | Create | Villager (Male) |
| 27:04 | Build | Market |
| 27:13 | Create | Villager (Male) |
| 27:13 | Create | Villager (Male) |
| 28:11 | Create | Cavalry Archer |
| 28:11 | Create | Cavalry Archer |
| 28:11 | Create | Cavalry Archer |
| 28:12 | Create | Cavalry Archer |
| 28:12 | Create | Cavalry Archer |
| 28:12 | Create | Cavalry Archer |
| 28:12 | Create | Cavalry Archer |
| 28:12 | Create | Cavalry Archer |
| 28:38 | Create | Cavalry Archer |
| 28:38 | Create | Cavalry Archer |
| 28:38 | Create | Cavalry Archer |
| 28:53 | Research | Gold Mining |
| 28:54 | Research | Gold Mining |
| 29:12 | Create | Villager (Male) |
| 29:44 | Create | Knight |
| 30:41 | Build | Town Center |
| 30:55 | Build | Siege Workshop |
| 31:52 | Build | Siege Workshop |
| 32:04 | Create | Villager (Male) |
| 32:04 | Create | Villager (Male) |
| 32:05 | Create | Villager (Male) |
| 32:09 | Build | Farm |
Build order — LMG_Leonardo
First 150 of 256 actions detected
| 0:11 | Build | Town Center |
| 0:56 | Build | House |
| 1:03 | Build | House |
| 2:25 | Create | Villager (Male) |
| 2:25 | Create | Villager (Male) |
| 2:25 | Create | Villager (Male) |
| 2:25 | Create | Villager (Male) |
| 2:26 | Create | Villager (Male) |
| 2:28 | Build | House |
| 2:37 | Build | House |
| 3:40 | Create | Villager (Male) |
| 3:56 | Create | Villager (Male) |
| 4:32 | Build | Lumber Camp |
| 4:41 | Create | Villager (Male) |
| 4:41 | Create | Villager (Male) |
| 4:41 | Create | Villager (Male) |
| 4:56 | Create | Villager (Male) |
| 4:56 | Create | Villager (Male) |
| 5:01 | Build | House |
| 5:03 | Build | House |
| 5:38 | Create | Villager (Male) |
| 5:39 | Create | Villager (Male) |
| 5:39 | Create | Villager (Male) |
| 5:39 | Create | Villager (Male) |
| 6:45 | Create | Villager (Male) |
| 6:45 | Create | Villager (Male) |
| 6:45 | Create | Villager (Male) |
| 6:46 | Create | Villager (Male) |
| 6:46 | Create | Villager (Male) |
| 7:23 | Build | House |
| 7:55 | Build | Mill |
| 8:05 | Research | Loom |
| 8:58 | Research | Feudal Age |
| 8:58 | Research | Feudal Age |
| 9:58 | Build | Barracks |
| 10:05 | Build | House |
| 11:15 | Age | Feudal Age |
| 11:19 | Build | Stable |
| 11:23 | Research | Double-Bit Axe |
| 11:37 | Create | Villager (Male) |
| 11:37 | Create | Villager (Male) |
| 12:08 | Build | Blacksmith |
| 12:09 | Create | Scout Cavalry |
| 12:09 | Create | Scout Cavalry |
| 12:09 | Create | Scout Cavalry |
| 12:19 | Create | Villager (Male) |
| 12:35 | Create | Villager (Male) |
| 12:42 | Research | Scale Barding Armor |
| 12:50 | Build | House |
| 13:04 | Create | Villager (Male) |
| 13:13 | Build | Stable |
| 13:20 | Create | Villager (Male) |
| 13:20 | Create | Villager (Male) |
| 13:20 | Create | Villager (Male) |
| 13:48 | Build | Mill |
| 13:58 | Create | Scout Cavalry |
| 13:58 | Create | Scout Cavalry |
| 13:58 | Create | Scout Cavalry |
| 14:15 | Create | Scout Cavalry |
| 14:16 | Create | Scout Cavalry |
| 14:18 | Create | Villager (Male) |
| 14:18 | Create | Villager (Male) |
| 15:13 | Create | Villager (Male) |
| 15:13 | Create | Villager (Male) |
| 15:14 | Create | Villager (Male) |
| 15:25 | Create | Scout Cavalry |
| 15:25 | Create | Scout Cavalry |
| 15:25 | Create | Scout Cavalry |
| 15:43 | Build | House |
| 15:45 | Build | House |
| 15:53 | Create | Villager (Male) |
| 15:53 | Create | Villager (Male) |
| 16:58 | Create | Villager (Male) |
| 16:59 | Create | Villager (Male) |
| 17:09 | Build | Mining Camp |
| 18:10 | Create | Villager (Male) |
| 18:10 | Create | Villager (Male) |
| 18:39 | Build | Mill |
| 18:47 | Create | Villager (Male) |
| 18:47 | Create | Villager (Male) |
| 19:35 | Create | Villager (Male) |
| 19:35 | Create | Villager (Male) |
| 20:44 | Research | Castle Age |
| 20:44 | Research | Castle Age |
| 21:26 | Build | House |
| 21:29 | Build | House |
| 22:13 | Build | Stable |
| 22:16 | Research | Bloodlines |
| 23:03 | Create | Villager (Male) |
| 23:03 | Create | Villager (Male) |
| 23:05 | Create | Scout Cavalry |
| 23:05 | Create | Scout Cavalry |
| 23:05 | Create | Scout Cavalry |
| 23:05 | Create | Scout Cavalry |
| 23:06 | Create | Scout Cavalry |
| 23:09 | Create | Scout Cavalry |
| 23:09 | Create | Scout Cavalry |
| 23:09 | Create | Scout Cavalry |
| 23:12 | Build | Farm |
| 23:24 | Age | Castle Age |
| 23:27 | Build | Town Center |
| 23:32 | Build | Town Center |
| 23:38 | Research | Light Cavalry (upgrade) |
| 23:50 | Create | Knight |
| 23:50 | Create | Knight |
| 23:50 | Create | Knight |
| 24:11 | Build | Mill |
| 24:27 | Build | Mill |
| 24:28 | Create | Villager (Male) |
| 24:29 | Create | Villager (Male) |
| 24:40 | Create | Knight |
| 24:40 | Create | Knight |
| 25:03 | Build | Farm |
| 25:46 | Create | Villager (Male) |
| 25:46 | Create | Villager (Male) |
| 26:04 | Create | Knight |
| 26:04 | Create | Knight |
| 26:22 | Create | Villager (Male) |
| 26:22 | Create | Villager (Male) |
| 26:23 | Create | Villager (Male) |
| 26:23 | Create | Villager (Male) |
| 26:45 | Create | Villager (Male) |
| 26:45 | Create | Villager (Male) |
| 26:46 | Create | Villager (Male) |
| 26:59 | Build | Farm |
| 27:03 | Build | Farm |
| 27:05 | Build | Farm |
| 27:07 | Create | Knight |
| 27:07 | Create | Knight |
| 27:18 | Build | Farm |
| 27:35 | Create | Villager (Male) |
| 27:36 | Create | Villager (Male) |
| 27:39 | Build | Market |
| 27:47 | Create | Villager (Male) |
| 27:47 | Create | Villager (Male) |
| 27:47 | Create | Villager (Male) |
| 27:47 | Create | Villager (Male) |
| 28:35 | Create | Villager (Male) |
| 28:35 | Create | Villager (Male) |
| 28:35 | Create | Villager (Male) |
| 28:37 | Create | Knight |
| 28:38 | Create | Knight |
| 28:38 | Create | Knight |
| 29:20 | Build | Palisade Gate |
| 29:27 | Create | Villager (Male) |
| 29:27 | Create | Villager (Male) |
| 29:27 | Create | Villager (Male) |
| 29:28 | Create | Villager (Male) |
| 29:28 | Create | Villager (Male) |
| 30:10 | Build | Town Center |
Build order — eljotad8
First 150 of 322 actions detected
| 0:15 | Build | Town Center |
| 2:25 | Build | House |
| 2:27 | Create | Villager (Male) |
| 2:27 | Create | Villager (Male) |
| 3:05 | Build | House |
| 3:12 | Create | Villager (Male) |
| 3:18 | Create | Villager (Male) |
| 3:20 | Create | Villager (Male) |
| 4:16 | Create | Villager (Male) |
| 4:31 | Create | Villager (Male) |
| 5:16 | Build | Lumber Camp |
| 5:20 | Create | Villager (Male) |
| 5:21 | Create | Villager (Male) |
| 5:30 | Create | Villager (Male) |
| 6:27 | Create | Villager (Male) |
| 6:28 | Create | Villager (Male) |
| 6:28 | Create | Villager (Male) |
| 6:37 | Build | House |
| 6:57 | Create | Villager (Male) |
| 6:57 | Create | Villager (Male) |
| 7:17 | Build | Mill |
| 7:33 | Build | House |
| 7:51 | Create | Villager (Male) |
| 8:21 | Research | Loom |
| 8:23 | Create | Villager (Male) |
| 8:23 | Create | Villager (Male) |
| 9:55 | Build | House |
| 10:09 | Research | Feudal Age |
| 10:51 | Build | Barracks |
| 11:27 | Build | Palisade Gate |
| 11:29 | Build | House |
| 11:32 | Build | Palisade Wall |
| 11:34 | Build | Palisade Wall |
| 11:38 | Build | Palisade Wall |
| 11:40 | Build | Palisade Wall |
| 12:01 | Create | Villager (Male) |
| 12:19 | Age | Feudal Age |
| 12:28 | Create | Villager (Male) |
| 12:48 | Build | Stable |
| 13:02 | Create | Villager (Male) |
| 13:05 | Create | Spearman |
| 13:11 | Research | Double-Bit Axe |
| 13:23 | Create | Villager (Male) |
| 13:28 | Create | Scout Cavalry |
| 13:28 | Create | Scout Cavalry |
| 13:29 | Create | Scout Cavalry |
| 13:48 | Create | Villager (Male) |
| 13:52 | Research | Horse Collar |
| 14:08 | Create | Villager (Male) |
| 14:15 | Build | Blacksmith |
| 14:21 | Create | Spearman |
| 14:36 | Create | Spearman |
| 14:39 | Create | Scout Cavalry |
| 14:41 | Create | Villager (Male) |
| 15:19 | Create | Villager (Male) |
| 15:20 | Create | Scout Cavalry |
| 15:22 | Research | Forging |
| 15:24 | Create | Villager (Male) |
| 15:26 | Build | Farm |
| 15:27 | Build | Farm |
| 15:28 | Build | Farm |
| 15:29 | Build | Farm |
| 15:46 | Build | Farm |
| 15:49 | Create | Villager (Male) |
| 16:29 | Build | Farm |
| 16:31 | Create | Spearman |
| 16:31 | Create | Spearman |
| 16:48 | Create | Villager (Male) |
| 17:05 | Create | Villager (Male) |
| 17:12 | Build | Farm |
| 17:14 | Build | Mining Camp |
| 17:17 | Build | House |
| 17:18 | Build | House |
| 17:22 | Build | Farm |
| 17:27 | Create | Spearman |
| 17:32 | Build | House |
| 17:34 | Create | Spearman |
| 17:44 | Research | Bloodlines |
| 17:44 | Research | Bloodlines |
| 18:06 | Build | Farm |
| 18:11 | Create | Spearman |
| 18:11 | Create | Spearman |
| 18:29 | Create | Villager (Male) |
| 18:47 | Create | Villager (Male) |
| 18:50 | Build | Farm |
| 18:51 | Build | Farm |
| 19:18 | Research | Scale Barding Armor |
| 19:25 | Build | Farm |
| 19:26 | Build | Farm |
| 19:52 | Create | Scout Cavalry |
| 19:55 | Build | Farm |
| 19:56 | Build | Farm |
| 20:13 | Create | Villager (Male) |
| 20:15 | Create | Villager (Male) |
| 20:18 | Build | Farm |
| 20:28 | Create | Spearman |
| 20:37 | Create | Scout Cavalry |
| 20:47 | Create | Spearman |
| 20:55 | Create | Villager (Male) |
| 21:16 | Research | Scale Mail Armor |
| 21:36 | Create | Camel Scout |
| 21:40 | Create | Camel Scout |
| 21:41 | Create | Camel Scout |
| 21:51 | Build | Farm |
| 21:53 | Build | Farm |
| 21:54 | Create | Villager (Male) |
| 22:21 | Create | Camel Scout |
| 22:22 | Create | Villager (Male) |
| 22:29 | Create | Villager (Male) |
| 22:32 | Build | Stable |
| 22:38 | Build | Farm |
| 22:48 | Create | Villager (Male) |
| 23:35 | Create | Villager (Male) |
| 23:40 | Build | Market |
| 24:09 | Create | Villager (Male) |
| 24:09 | Create | Villager (Male) |
| 24:26 | Build | House |
| 24:27 | Build | House |
| 24:34 | Build | Farm |
| 25:05 | Research | Castle Age |
| 25:32 | Build | Stable |
| 25:36 | Research | Gold Mining |
| 26:03 | Build | Farm |
| 27:31 | Create | Villager (Male) |
| 27:45 | Age | Castle Age |
| 27:52 | Create | Camel Scout |
| 27:52 | Create | Camel Scout |
| 27:53 | Create | Villager (Male) |
| 27:55 | Research | Iron Casting |
| 28:03 | Build | Town Center |
| 28:09 | Research | Bow Saw |
| 28:12 | Research | Wheelbarrow |
| 28:13 | Create | Camel Scout |
| 28:16 | Create | Camel Scout |
| 28:25 | Create | Camel Scout |
| 28:39 | Create | Camel Scout |
| 28:48 | Build | Town Center |
| 28:52 | Create | Villager (Male) |
| 29:07 | Create | Villager (Male) |
| 29:22 | Create | Villager (Male) |
| 29:48 | Create | Camel Scout |
| 29:49 | Create | Villager (Male) |
| 29:52 | Create | Villager (Male) |
| 29:52 | Create | Villager (Male) |
| 30:15 | Create | Villager (Male) |
| 30:19 | Build | Farm |
| 30:19 | Build | Farm |
| 30:19 | Build | Farm |
| 30:20 | Build | Farm |
| 30:20 | Build | Farm |
Build order — Bostero SSJ
First 150 of 280 actions detected
| 0:08 | Build | House |
| 0:30 | Build | Town Center |
| 2:38 | Create | Villager (Male) ×4 |
| 2:38 | Create | Villager (Male) ×4 |
| 2:58 | Build | Lumber Camp |
| 3:48 | Create | Villager (Male) |
| 4:27 | Create | Villager (Male) |
| 4:31 | Build | House |
| 4:58 | Create | Villager (Male) |
| 4:58 | Create | Villager (Male) |
| 5:07 | Build | House |
| 5:33 | Create | Villager (Male) |
| 5:50 | Create | Villager (Male) |
| 5:50 | Create | Villager (Male) |
| 6:10 | Create | Villager (Male) |
| 6:10 | Create | Villager (Male) |
| 6:14 | Build | House |
| 6:20 | Build | House |
| 6:50 | Create | Villager (Male) |
| 6:50 | Create | Villager (Male) |
| 6:50 | Create | Villager (Male) |
| 6:51 | Create | Villager (Male) |
| 7:40 | Build | Mill |
| 8:00 | Create | Villager (Male) |
| 8:00 | Create | Villager (Male) |
| 8:33 | Create | Villager (Male) |
| 8:48 | Create | Villager (Male) |
| 9:09 | Research | Loom |
| 9:15 | Build | House |
| 9:45 | Research | Feudal Age |
| 9:45 | Research | Feudal Age |
| 10:37 | Build | Barracks |
| 11:04 | Build | Farm |
| 11:07 | Build | Farm |
| 11:09 | Build | Farm |
| 11:11 | Create | Villager (Male) |
| 11:19 | Build | Farm |
| 11:36 | Build | Palisade Wall |
| 12:02 | Build | Palisade Gate |
| 12:09 | Build | House |
| 12:20 | Age | Feudal Age |
| 12:24 | Create | Spearman |
| 12:24 | Create | Spearman |
| 12:25 | Research | Double-Bit Axe |
| 12:26 | Create | Villager (Male) |
| 12:26 | Create | Villager (Male) |
| 12:47 | Create | Spearman |
| 12:59 | Create | Villager (Male) |
| 13:12 | Research | Horse Collar |
| 13:12 | Research | Horse Collar |
| 13:13 | Create | Villager (Male) |
| 13:29 | Create | Spearman |
| 13:38 | Build | Blacksmith |
| 13:46 | Create | Villager (Male) |
| 13:59 | Build | House |
| 14:02 | Create | Villager (Male) |
| 14:16 | Build | House |
| 14:21 | Create | Villager (Male) |
| 14:42 | Build | Archery Range |
| 14:43 | Create | Villager (Male) |
| 14:56 | Create | Villager (Male) |
| 15:06 | Build | Farm |
| 15:21 | Build | Farm |
| 15:35 | Build | Farm |
| 16:24 | Build | Farm |
| 16:26 | Build | Farm |
| 17:04 | Research | Castle Age |
| 17:13 | Build | Archery Range |
| 17:39 | Research | Fletching |
| 17:39 | Research | Fletching |
| 18:10 | Build | Archery Range |
| 18:49 | Research | Padded Archer Armor |
| 19:26 | Create | Villager (Male) |
| 19:44 | Age | Castle Age |
| 19:50 | Build | Town Center |
| 19:55 | Create | Cavalry Archer ×4 |
| 19:59 | Create | Villager (Male) |
| 20:25 | Create | Villager (Male) |
| 20:32 | Create | Cavalry Archer |
| 20:32 | Create | Cavalry Archer |
| 20:36 | Build | House |
| 20:39 | Build | House |
| 20:48 | Create | Villager (Male) |
| 20:53 | Create | Villager (Male) |
| 20:53 | Create | Villager (Male) |
| 20:58 | Build | Farm |
| 21:00 | Build | Farm |
| 21:04 | Create | Cavalry Archer |
| 21:04 | Create | Cavalry Archer |
| 21:30 | Build | Market |
| 21:36 | Create | Cavalry Archer |
| 21:37 | Create | Cavalry Archer |
| 21:41 | Create | Villager (Male) |
| 21:41 | Create | Villager (Male) |
| 22:23 | Research | Bodkin Arrow |
| 22:26 | Create | Villager (Male) ×5 |
| 22:26 | Create | Villager (Male) ×5 |
| 22:45 | Create | Cavalry Archer |
| 22:57 | Build | Farm |
| 22:58 | Create | Villager (Male) |
| 23:01 | Create | Villager (Male) |
| 23:07 | Create | Cavalry Archer |
| 23:23 | Build | House |
| 23:26 | Build | House |
| 23:36 | Create | Cavalry Archer ×2 |
| 23:36 | Create | Cavalry Archer ×2 |
| 23:56 | Research | Wheelbarrow |
| 23:58 | Create | Villager (Male) |
| 24:00 | Create | Cavalry Archer ×2 |
| 24:01 | Create | Cavalry Archer ×2 |
| 24:30 | Create | Cavalry Archer |
| 24:30 | Create | Cavalry Archer |
| 24:32 | Create | Villager (Male) |
| 24:39 | Research | Bow Saw |
| 24:53 | Create | Villager (Male) |
| 25:05 | Build | House |
| 25:13 | Build | House |
| 25:16 | Build | House |
| 25:49 | Create | Cavalry Archer ×4 |
| 25:49 | Create | Cavalry Archer ×4 |
| 26:11 | Create | Villager (Male) ×5 |
| 26:16 | Create | Cavalry Archer |
| 26:22 | Build | Mining Camp |
| 26:30 | Build | Town Center |
| 26:32 | Create | Villager (Male) |
| 26:33 | Create | Villager (Male) |
| 26:44 | Create | Cavalry Archer |
| 26:47 | Build | Archery Range |
| 27:12 | Build | Lumber Camp |
| 27:16 | Build | House |
| 27:17 | Build | House |
| 27:41 | Create | Cavalry Archer ×3 |
| 27:41 | Create | Cavalry Archer ×3 |
| 27:52 | Create | Cavalry Archer |
| 27:55 | Create | Villager (Male) ×5 |
| 27:55 | Create | Villager (Male) ×4 |
| 28:08 | Create | Cavalry Archer ×2 |
| 28:08 | Create | Cavalry Archer ×2 |
| 28:23 | Create | Villager (Male) ×2 |
| 28:23 | Create | Villager (Male) ×2 |
| 28:34 | Create | Cavalry Archer ×2 |
| 28:50 | Create | Villager (Male) |
| 28:50 | Create | Villager (Male) |
| 29:04 | Research | Leather Archer Armor |
| 29:04 | Research | Leather Archer Armor |
| 29:09 | Create | Villager (Male) |
| 29:09 | Create | Villager (Male) |
| 29:11 | Create | Cavalry Archer |
| 29:11 | Create | Cavalry Archer |
| 29:14 | Create | Cavalry Archer ×4 |
Match timeline
| 9:58 | LMG_Leonardo · first_building Barracks |
| 10:37 | Bostero SSJ · first_building Barracks |
| 10:51 | eljotad8 · first_building Barracks |
| 10:57 | LMG_HERA DE TEMU · first_building Barracks |
| 11:15 | LMG_Leonardo · age_up feudal |
| 11:19 | LMG_Leonardo · first_building Stable |
| 11:32 | eljotad8 · wall_segment Palisade Wall x4 |
| 11:34 | eljotad8 · wall_segment Palisade Wall x4 |
| 11:36 | Bostero SSJ · wall_segment Palisade Wall x11 |
| 11:38 | eljotad8 · wall_segment Palisade Wall x5 |
| 11:40 | eljotad8 · wall_segment Palisade Wall x3 |
| 12:19 | eljotad8 · age_up feudal |
| 12:20 | Bostero SSJ · age_up feudal |
| 12:48 | eljotad8 · first_building Stable |
| 12:58 | LMG_HERA DE TEMU · age_up feudal |
| 13:02 | LMG_HERA DE TEMU · first_building Stable |
| 13:11 | LMG_HERA DE TEMU · wall_segment Palisade Wall x3 |
| 13:19 | LMG_HERA DE TEMU · wall_segment Palisade Wall x3 |
| 14:42 | Bostero SSJ · first_building Archery Range |
| 19:44 | Bostero SSJ · age_up castle |
| 20:52 | LMG_HERA DE TEMU · first_building Archery Range |
| 22:44 | Bostero SSJ · first_market_sell 100 wood |
| 23:24 | LMG_Leonardo · age_up castle |
| 23:45 | LMG_HERA DE TEMU · age_up castle |
| 27:45 | eljotad8 · age_up castle |
| 29:42 | Bostero SSJ · first_building Siege Workshop |
| 30:38 | LMG_HERA DE TEMU · first_market_buy 100 stone |
| 30:55 | LMG_HERA DE TEMU · first_building Siege Workshop |
| 31:37 | LMG_Leonardo · first_market_buy 100 food |
| 33:15 | LMG_Leonardo · first_building Castle |
| 35:10 | Bostero SSJ · first_building Castle |
| 35:50 | Bostero SSJ · first_building Stable |
| 36:13 | Bostero SSJ · first_building Monastery |
| 37:26 | LMG_Leonardo · first_market_sell 100 wood |
| 38:18 | LMG_Leonardo · first_building Siege Workshop |
| 40:30 | Bostero SSJ · age_up imperial |
| 40:33 | eljotad8 · first_market_sell 100 food |
| 40:34 | eljotad8 · first_market_buy 100 wood |
| 40:37 | LMG_HERA DE TEMU · resign |
| 40:38 | eljotad8 · first_building Siege Workshop |
[ AI ANALYSIS · 1 CREDIT ]
What really happened in this match?
Wolo.gg analyzes every decision: build order, eco, micro, common mistakes by bracket. Personalized analysis on WhatsApp or Discord in 30 seconds.
Civ guide
Huns
Perfil
LMG_HERA DE TEMU